 Dungeon Crawl Stone Soup version 0.17-a0-896-g249456b (webtiles) character file.

1999 laxity the Arsonist (level 9, -4/49 HPs)
             Began as a Deep Elf Fire Elementalist on May 1, 2015.
             Was an Initiate of Vehumet.
             Slain by a shadow (13 damage)
             ... on level 8 of the Dungeon.
             The game lasted 00:17:22 (7737 turns).

laxity the Arsonist (Deep Elf Fire Elementalist)    Turns: 7737, Time: 00:17:22

Health: -4/49      AC:  7    Str:  5    XL:     9   Next: 2%
Magic:  11/20      EV: 13    Int: 24    God:    Vehumet [......]
Gold:   426        SH:  0    Dex: 15    Spells: 4 memorised, 10 levels left

rFire  + . .     SeeInvis .     F - staff of conjuration
rCold  x . .     Clarity  .     a - +0 robe
rNeg   . . .     SustAb   .     (no shield)
rPois  .         Gourm    +     r - +2 helmet
rElec  .         Spirit   .     (no cloak)
rCorr  .         Warding  .     n - +1 pair of gloves
rMut   .         Stasis   .     (no boots)
MR     .....                    A - amulet of the gourmand
Stlth  +++.......               l - ring of fire
                                s - ring of stealth

@: not resistant to hostile enchantments, fairly stealthy
A: no striking features
a: Renounce Religion


You were on level 8 of the Dungeon.
You worshipped Vehumet.
Vehumet was noncommittal.
You were not hungry.

You visited 2 branches of the dungeon, and saw 9 of its levels.

You collected 426 gold pieces.

Inventory:

Hand weapons
 g - a +7 spear of flaming
Armour
 a - a +0 robe (worn)
 n - a +1 pair of gloves (worn)
 r - a +2 helmet (worn)
Magical staves
 F - an uncursed staff of conjuration (weapon)
Jewellery
 l - a ring of fire (right hand)
 s - a ring of stealth (left hand)
 A - an amulet of the gourmand (around neck)
Magical devices
 H - a wand of magic darts (48)
Scrolls
 i - 2 scrolls of teleportation
 m - 2 scrolls of remove curse
 o - 2 scrolls of amnesia
 v - a scroll of recharging
 x - 3 scrolls of enchant armour
 E - 2 scrolls of magic mapping
Potions
 d - a potion of ambrosia
 e - 2 potions of heal wounds {unknown}
 f - 2 potions of brilliance {unknown}
 h - a potion of haste
 j - a potion of flight
 q - a potion of lignification
 t - a potion of mutation
 z - 2 potions of agility {unknown}
 B - a potion of might
 G - a potion of invisibility
Books
 b - a book of Flames

   Spells                             Type                      Level
   a - Flame Tongue                   Conjuration/Fire             1
   b - Throw Flame                    Conjuration/Fire             2
   c - Conjure Flame                  Conjuration/Fire             3
   d - Inner Flame                    Hexes/Fire                   3
   e - Sticky Flame                   Conjuration/Fire             4
   f - Fireball                       Conjuration/Fire             5
 D - a book of Control

   Spells                             Type                      Level
   a - Control Teleport               Charms/Translocation         4
   b - Control Undead                 Necromancy                   4
   c - Metabolic Englaciation         Hexes/Ice                    5
   d - Mass Confusion                 Hexes                        6
Comestibles
 c - 3 bread rations
 k - a royal jelly
 p - 6 meat rations
 u - a slice of pizza
 C - 3 fruits


   Skills:
 - Level 2.4 Fighting
 - Level 2.2(2.8) Polearms
 + Level 3.5(4.0) Staves
 - Level 2.4 Dodging
 - Level 2.4 Stealth
 - Level 6.0 Spellcasting
 + Level 7.0 Conjurations
 + Level 8.0 Fire Magic


You had 10 spell levels left.
You knew the following spells:

 Your Spells              Type           Power        Failure   Level  Hunger
a - Flame Tongue          Conj/Fire      #####        1%          1    None
b - Throw Flame           Conj/Fire      ######       1%          2    None
c - Conjure Flame         Conj/Fire      #######.     1%          3    #......
d - Sticky Flame          Conj/Fire      #######.     3%          4    ###....


Dungeon Overview and Level Annotations

Branches:
Dungeon (8/15)             Temple (1/1) D:7
   Lair: D:8-11

Altars:
Ashenzari
Cheibriados
Dithmenos
Elyvilon
Fedhas
Kikubaaqudgha
Makhleb
Nemelex Xobeh
Okawaru
Qazlal
Ru
Sif Muna
Trog
Vehumet
Xom
Yredelemnul
Zin
The Shining One

Shops:
D:4 }   D:7 (


Message History

Deactivating autopickup; reactivate with Ctrl-A.
Casting: Flame Tongue
Confirm with . or Enter, or press ? or * to list all spells.
You can't see any susceptible monsters within range! (Use Z to cast anyway.) Unknown command.
Casting: Flame Tongue
Confirm with . or Enter, or press ? or * to list all spells.
You can't see any susceptible monsters within range! (Use Z to cast anyway.)
Casting: Flame Tongue
Confirm with . or Enter, or press ? or * to list all spells.
Aiming: Sticky Flame
Press: ? - help, Shift-Dir - straight line You feel a strong surge of power!
The sticky flame hits something.
The shadow strikes at you from the darkness!
Ouch! That really hurt!
* * * LOW HITPOINT WARNING * * *
Reactivating autopickup.
Drink which item? (? for menu, Esc to quit)
You feel better. The shadow hits you!
You die...

#...........+
+...........#
#..##..####+# .
#..##..# ...
+...'..# #a..
#...#..+ #....
#..##..#
#.....#'###..#
#.....W@..#..+
.......#...+..#
......##'##..#
..... ..#..#
..... ..#. ...
..# . ..+ ..# .


You could see a shadow and a worker ant (sleeping).

Vanquished Creatures
  Grinder (D:3)
  A hungry ghost (D:7)
  A sky beast (D:5)
  2 phantoms
  A centaur (D:7)
  4 ogres
  A giant frog (D:7)
  A water moccasin zombie (D:6)
  3 scorpions
  A centaur zombie (D:8)
  2 crimson imps
  A gnoll shaman (D:6)
  2 jellies
  3 worker ants (D:5)
  2 iguanas
  2 orc priests (D:7)
  3 orc wizards
  A hound skeleton (D:6)
  5 gnolls (D:6)
  9 adders
  An ooze (D:3)
  6 worms
  7 giant geckos
  19 orcs
  2 bat zombies
  5 giant cockroaches
  22 goblins
  12 hobgoblins
  6 quokkas
  A ball python (D:5)
  17 bats
  7 giant newts
  8 jackals
  A jackal skeleton (D:7)
  8 kobolds
  15 rats
183 creatures vanquished.

Notes
Turn   | Place    | Note
--------------------------------------------------------------
     0 | D:1      | laxity, the Deep Elf Fire Elementalist, began the quest for the Orb.
     0 | D:1      | Reached XP level 1. HP: 10/10 MP: 6/6
   355 | D:1      | Reached XP level 2. HP: 15/15 MP: 5/8
   359 | D:1      | Learned a level 2 spell: Throw Flame
   894 | D:2      | Reached XP level 3. HP: 16/19 MP: 10/10
   904 | D:2      | Reached skill level 4 in Spellcasting
  1049 | D:2      | Learned a level 3 spell: Conjure Flame
  1065 | D:2      | Found a bloodstained altar of Trog.
  1217 | D:2      | Reached XP level 4. HP: 10/24 MP: 9/12
  1971 | D:3      | Learned a level 4 spell: Sticky Flame
  2063 | D:3      | Noticed Grinder
  2078 | D:3      | Killed Grinder
  2078 | D:3      | Reached skill level 5 in Spellcasting
  2078 | D:3      | Reached skill level 5 in Fire Magic
  2078 | D:3      | Reached XP level 5. HP: 11/28 MP: 1/15
  2078 | D:3      | Reached XP level 6. HP: 12/32 MP: 1/16
  2546 | D:3      | Reached skill level 6 in Spellcasting
  3072 | D:4      | Found Osch's Gadget Shop.
  3137 | D:4      | Reached skill level 1 in Fighting
  3137 | D:4      | Reached XP level 7. HP: 25/38 MP: 13/18
  3423 | D:4      | Reached skill level 1 in Polearms
  3905 | D:5      | Entered Level 5 of the Dungeon
  4225 | D:5      | Reached skill level 5 in Conjurations
  4677 | D:5      | Noticed a moth of wrath
  4679 | D:5      | Found a bloodstained altar of Trog.
  5046 | D:5      | Reached XP level 8. HP: 44/44 MP: 16/19
  5763 | D:6      | Reached skill level 1 in Staves
  5763 | D:6      | Reached skill level 7 in Fire Magic
  6894 | D:7      | Found a staircase to the Ecumenical Temple.
  6904 | Temple   | Entered the Ecumenical Temple
  7003 | Temple   | Became a worshipper of Vehumet
  7105 | D:7      | Identified a scroll of acquirement
  7457 | D:7      | Found Daekh's Weapon Shoppe.
  7621 | D:8      | Reached skill level 8 in Fire Magic
  7735 | D:8      | Reached XP level 9. HP: 29/49 MP: 14/20
  7737 | D:8      | Slain by a shadow

Action                   |  1- 3 |  4- 6 |  7- 9 || total
-------------------------+-------+-------+-------++-------
Melee: Spear             |    53 |    85 |   106 ||   244
       Staff             |       |       |    34 ||    34
 Cast: Flame Tongue      |    23 |    24 |   137 ||   184
       Sticky Flame      |       |     2 |     7 ||     9
       Conjure Flame     |       |       |     3 ||     3
  Use: Scroll            |       |       |    18 ||    18
       Potion            |       |       |     1 ||     1
 Stab: Sleeping          |     9 |     2 |     9 ||    20
       Distracted        |       |     1 |     2 ||     3
  Eat: Chunk             |     1 |     6 |    22 ||    29
